 Dungeon Crawl Stone Soup version 0.17-a0-1625-g47e540b (webtiles) character file.

119 thrall606 the Conjurer (level 4, -4/30 HPs)
             Began as a Demonspawn Conjurer on Aug 2, 2015.
             Was an Initiate of Yredelemnul.
             Slain by a gnoll
             ... wielding a +0 spear
              (5 damage)
             ... on level 3 of the Dungeon.
             The game lasted 00:12:26 (1812 turns).

thrall606 the Conjurer (Demonspawn Conjurer)        Turns: 1812, Time: 00:12:26

Health: -4/30      AC:  8    Str:  9    XL:     4   Next: 73%
Magic:  0/8        EV: 11    Int: 19    God:    Yredelemnul [......]
Gold:   129        SH:  0    Dex: 11    Spells: 2 memorised, 6 levels left

rFire  . . .     SeeInvis .     m - +0 short sword
rCold  . . .     Clarity  .     l - +0 robe
rNeg   . . .     SustAt   .     (no shield)
rPois  .         Gourm    .     f - +2 helmet
rElec  .         Spirit   +     (no cloak)
rCorr  .         Warding  .     (no gloves)
rMut   .         Stasis   .     (no boots)
MR     .....                    g - amulet of guardian spirit
Stlth  ++........               i - -2 ring of dexterity (curse)
                                h - +2 ring of intelligence

@: not resistant to hostile enchantments, unstealthy
A: molten scales 2, powered by death 1
a: Renounce Religion


You were on level 3 of the Dungeon.
You worshipped Yredelemnul.
Yredelemnul was noncommittal.
You were not hungry.

You visited 1 branch of the dungeon, and saw 3 of its levels.

You collected 129 gold pieces.

Inventory:

Hand weapons
 e - a +0 club
 m - a +0 short sword (weapon)
Armour
 a - a +0 robe
 f - a +2 helmet (worn)
 l - a +0 robe (worn)
 n - a +0 shield
Jewellery
 g - an amulet of guardian spirit (around neck)
 h - a +2 ring of intelligence (left hand)
 i - a cursed -2 ring of dexterity (right hand)
 k - an uncursed ring of see invisible
Scrolls
 o - 2 scrolls of identify
Potions
 j - a potion of agility
Books
 b - a book of Conjurations

   Spells                             Type                      Level
   a - Magic Dart                     Conjuration                  1
   b - Searing Ray                    Conjuration                  2
   c - Dazzling Spray                 Conjuration/Hexes            3
   d - Fulminant Prism                Conjuration/Hexes            4
   e - Iskenderun's Mystic Blast      Conjuration                  4
   f - Iskenderun's Battlesphere      Conjuration/Charms           5
Comestibles
 c - 2 bread rations
 d - 6 chunks of flesh


   Skills:
 + Level 2.4 Dodging
 + Level 2.1 Stealth
 + Level 3.0 Spellcasting
 + Level 5.1 Conjurations


You had 6 spell levels left.
You knew the following spells:

 Your Spells              Type           Power        Failure   Level  Hunger
a - Magic Dart            Conj           ###.         1%          1    None
b - Searing Ray           Conj           ###...       3%          2    ##.....


Dungeon Overview and Level Annotations

Branches:
Dungeon (3/15)

Altars:
Yredelemnul


Innate Abilities, Weirdness & Mutations

You are mostly covered in molten scales (AC +3, EV -1).
You regenerate a little health from kills.


Message History

The magic dart hits the gnoll.
The gnoll is severely wounded.
The gnoll hits you from afar with a spear!
The gnoll hits you from afar with a spear.
Casting: Magic Dart
Confirm with . or Enter, or press ? or * to list all spells.
Aiming: Magic Dart
Press: ? - help, Shift-Dir - straight line, f/p - gnoll
Aim: a gnoll, wielding a spear (severely wounded)
The magic dart hits the gnoll.
The gnoll is almost dead.
The gnoll hits you from afar with a spear!
* * * LOW HITPOINT WARNING * * *
The gnoll closely misses you.
Unknown command.
The gnoll hits you from afar with a spear.
* * * LOW HITPOINT WARNING * * *
The gnoll hits you from afar with a spear.
You die...
Your body rises from the dead as a mindless zombie.

.......... ......#...
####### ......##..
#.....# ..........
#.....# ####... #>....#
#####...
#.....#########.......
#.....................
#....@...###.....###..
#.g...##.....##..###..
#.ggg.##...###.(..###.
#.................###.
......##.....#.........
#.......####............#
#.......# #..##........#
.........................
.........................


You could see 4 gnolls.

Vanquished Creatures
  Jessica (D:3)
  3 adders (D:2)
  An ooze (D:3)
  3 giant geckos
  An orc (D:3)
  8 goblins
  8 hobgoblins
  3 jackals (D:3)
  4 kobolds
  A quokka (D:3)
  4 bats
  8 giant cockroaches
  4 giant newts
  9 rats
58 creatures vanquished.

Notes
Turn   | Place    | Note
--------------------------------------------------------------
     0 | D:1      | thrall606 the Demonspawn Conjurer began the quest for the Orb.
     0 | D:1      | Reached XP level 1. HP: 13/13 MP: 3/3
   284 | D:1      | Gained mutation: You are partially covered in molten scales (AC +1). [demonic ancestry]
   284 | D:1      | Reached XP level 2. HP: 19/19 MP: 0/5
   781 | D:2      | Learned a level 2 spell: Searing Ray
  1100 | D:2      | Gained mutation: You regenerate a little health from kills. [demonic ancestry]
  1100 | D:2      | Reached XP level 3. HP: 24/24 MP: 1/6
  1209 | D:2      | Found a faded altar to an unknown god.
  1482 | D:3      | Found a basalt altar of Yredelemnul.
  1518 | D:3      | Noticed Jessica
  1523 | D:3      | Gained mutation: You are mostly covered in molten scales (AC +3, EV -1). [demonic ancestry]
  1523 | D:3      | Reached XP level 4. HP: 28/30 MP: 0/7
  1531 | D:3      | Killed Jessica
  1531 | D:3      | Reached skill level 5 in Conjurations
  1554 | D:3      | Became a worshipper of Yredelemnul the Dark
  1811 | D:3      | HP: 1/30 [gnoll/spear (1)]
  1812 | D:3      | Slain by a gnoll

Vault maps used:
D:1:      scummos_arrival_simple_crosswalls, minmay_misc_feat_doors,
          grunt_decor_mini_mirrors, minmay_misc_feat_rugged
D:2:      ecumenical_altar_1
D:3:      tgw_xom, yredelemnul_altar_generic, lemuel_tele_altar, uniq_jessica

Action                   |  1- 3 |  4- 6 || total
-------------------------+-------+-------++-------
Melee: Club              |    23 |       ||    23
       Unarmed           |     1 |       ||     1
       Short sword       |     3 |    25 ||    28
 Cast: Magic Dart        |    69 |    31 ||   100
  Use: Potion            |     6 |       ||     6
       Scroll            |     3 |     3 ||     6
  Eat: Chunk             |     3 |     1 ||     4
